 Dungeon Crawl Stone Soup version 0.31.0-11-ge490571c62 (webtiles) character file.

Game seed: 16365980143979439008

1862 bnnuy the Thaumaturge (level 8, -5/44 HPs)
             Began as a Deep Elf Summoner on Feb 4, 2024.
             Was a Follower of Sif Muna.
             Slain by an orc warrior
             ... wielding a +0 glaive
              (11 damage)
             ... in a bailey.
             The game lasted 00:43:31 (6810 turns).

bnnuy the Thaumaturge (Deep Elf Summoner)           Turns: 6810, Time: 00:43:32

Health: -5/44      AC:  3    Str:  5    XL:     8   Next: 90%
Magic:  8/24       EV: 14    Int: 23    God:    Sif Muna [*.....]
Gold:   201        SH:  0    Dex: 15    Spells: 18/27 levels left

rFire   . . .        y - +2 dagger (flame)
rCold   . . .        (no shield)
rNeg    . . .        a - +0 robe
rPois   .            u - +0 helmet
rElec   .            (no cloak)
rCorr   .            (no gloves)
SInv    .            (no boots)
Will    +....        (no amulet)
Stlth   +++          m - ring of willpower
HPRegen 0.27/turn    (no ring)
MPRegen 0.19/turn

%: no passive effects
@: inugami summoned
A: no striking features
a: Renounce Religion, Channel Magic


You were in a bailey.
You worshipped Sif Muna.
Sif Muna was aware of your devotion.
You visited 1 branch of the dungeon, and saw 7 of its levels.
You also visited: Bailey.

You collected 330 gold pieces.
You spent 129 gold pieces at shops.

Inventory:

Hand Weapons
 d - a +0 spear
 h - a +0 long sword
 y - a +2 dagger of flaming (weapon)
Missiles
 j - 2 throwing nets
Armour
 a - a +0 robe (worn)
 g - a +0 leather armour
 u - a +0 helmet (worn)
 w - a +0 buckler
Jewellery
 m - a ring of willpower (left hand)
 t - an amulet of regeneration
 E - a ring of protection from fire
Wands
 n - a wand of flame (4)
 F - a wand of polymorph (8)
Scrolls
 c - a scroll of revelation
 e - a scroll of silence {unknown}
 f - 2 scrolls of fog
 i - 2 scrolls of enchant weapon
 k - 2 scrolls of poison {unknown}
 p - a scroll of fear
 q - a scroll of teleportation {unknown}
 r - a scroll of blinking {unknown}
 x - a scroll of vulnerability {unknown}
 C - a scroll of immolation
Potions
 b - 2 potions of magic
 o - 4 potions of curing
 s - a potion of heal wounds
 z - a potion of haste
 A - a potion of lignification {unknown}
 D - a potion of cancellation {unknown}
 G - a potion of degeneration {unknown}


   Skills:
 + Level 2.1 Fighting
 - Level 2.0 Short Blades
 - Level 5.0 Dodging
 - Level 4.0 Stealth
 - Level 10.0 Spellcasting
 - Level 4.0 Hexes
 - Level 8.0 Summonings


You had 18 spell levels left.
You knew the following spells:

 Your Spells              Type           Power      Damage    Failure   Level
a - Summon Small Mammal   Summ           100%       N/A       1%          1
b - Call Imp              Summ           96%        N/A       1%          2
c - Call Canine Familiar  Summ           48%        N/A       1%          3
d - Tukima's Dance        Hex            29%        N/A       3%          3

Your spell library contained the following spells:

 Spells                   Type           Power      Damage    Failure   Level
 Summon Blazeheart Golem  Fire/Summ      29%        N/A       11%         4
 Summon Lightning Spire   Summ/Air       29%        N/A       11%         4
 Passage of Golubria      Tloc           11%        N/A       50%         4
 Yara's Violent Unravell  Hex/Alch       10%        3d6       56%         5


Dungeon Overview and Level Annotations

Branches:
Dungeon (7/15)             Temple (0/1) D:7          Bailey (1/1)

Altars:
Ashenzari
Ru
Sif Muna

Shops:
D:2 ((**


Message History

Your cerulean imp hits the orc warrior but does no damage.
An orc warrior comes into view. It is wielding a +0 trident.
Your quokka bites the orc warrior but does no damage.
Your cerulean imp hits the orc warrior but does no damage.
The orc warrior hits your cerulean imp with a +0 glaive!
Your cerulean imp dies!
Your cerulean imp disappears in a puff of smoke!
Your quokka misses the orc warrior.
The orc warrior hits your quokka with a +0 glaive!
Your quokka dies!
Your quokka's corpse disappears in a puff of smoke!
Casting: Call Canine Familiar (safe; 1% risk of failure)
Confirm with . or Enter, or press ? or * to list all spells.
You imbue your familiar with magical energy and its fangs glint viciously.
Your inugami hits the orc warrior.
Your inugami hits the orc warrior but does no damage.
The orc warrior barely misses you.
Your inugami hits the orc warrior.
The orc warrior hits your inugami with a +0 trident!
The orc completely misses your inugami.
The orc warrior hits you from afar with a +0 glaive!
Your inugami closely misses the orc warrior.
Casting: Call Canine Familiar (safe; 1% risk of failure)
Confirm with . or Enter, or press ? or * to list all spells.
You imbue your familiar with magical energy and its fangs glint viciously.
The orc warrior hits your inugami with a +0 trident.
The orc hits your inugami with a +0 spear.
The orc warrior hits you from afar with a +0 glaive!
Your inugami barely misses the orc warrior.
Your inugami hits the orc warrior but does no damage.
Your inugami hits the orc but does no damage.
Your inugami hits the orc warrior but does no damage.
Something hits your inugami!
The orc warrior attacks as it pursues you!
The orc warrior hits you from afar with a +0 glaive!
* * * LOW HITPOINT WARNING * * *
Casting: Call Canine Familiar (safe; 1% risk of failure)
Confirm with . or Enter, or press ? or * to list all spells.
You imbue your familiar with magical energy and its fangs glint viciously.
The orc warrior hits you from afar with a +0 glaive!
You die...

##..♣♣ ≈≈≈≈
#....♣♣≈≈≈≈≈.♣
####..♣≈≈≈≈≈...#
#######..#..♣≈≈≈≈..♣.##
.....)...#...≈≈≈≈.....##
.....oh.##.♣.≈≈≈≈..♣....
######o.#....≈≈≈≈.......
.. #8.#...######......
#.@#...........).).
#..'.....))........
#..'.....)).......)
#..#.............). ..
#8.#...######......
######..#....≈≈≈≈..♣....
........##...≈≈≈≈..♣♣...
.........#...≈≈≈≈.....##
#######..#..≈≈≈≈≈..####


You could see 2 orc warriors and a friendly inugami (summoned).

Vanquished Creatures
  A komodo dragon (D:6)
  An orc warrior (Bailey)
  A centaur (D:5)
  An orc priest (D:6)
  A jelly (D:7)
  3 adders
  3 orcs
  4 ball pythons
  2 giant cockroaches
  A goblin (D:3)
  A jackal (D:4)
  2 quokkas (D:1)
  2 frilled lizards (D:2)
  6 kobolds
  2 rats
31 creatures vanquished.

Vanquished Creatures (collateral kills)
  A wyvern (D:7)
  A water moccasin (D:6)
  5 orc warriors
  A black bear (D:6)
  A wight (D:6)
  3 bombardier beetles
  A jelly (D:7)
  2 iguanas
  4 orc wizards
  3 gnolls (D:2)
  7 adders
  A white imp (D:6)
  A ribbon worm (D:2)
  A dart slug (D:4)
  18 orcs
  2 ball pythons
  2 endoplasms
  7 goblins
  2 hobgoblins
  4 jackals
  3 quokkas
  A bat (D:3)
  3 frilled lizards
  3 kobolds
  A rat (D:3)
78 creatures vanquished.

Grand Total: 109 creatures vanquished

Notes
Turn   | Place    | Note
-------+----------+-------------------------------------------
     0 | D:1      | bnnuy the Deep Elf Summoner began the quest for the Orb.
     0 | D:1      | Reached XP level 1. HP: 10/10 MP: 6/6
   395 | D:1      | Reached XP level 2. HP: 12/15 MP: 4/8
   436 | D:1      | Learned a level 2 spell: Call Imp
   994 | D:2      | Reached XP level 3. HP: 6/19 MP: 10/10
   999 | D:2      | Found Pateaceq's Antique Weapon Shoppe.
  1098 | D:2      | Reached skill level 4 in Spellcasting
  1243 | D:2      | Found Rankoroh's Assorted Antiques.
  1549 | D:3      | Reached skill level 5 in Summonings
  1588 | D:3      | Found a broken altar of Ashenzari.
  2344 | D:3      | Found a shimmering blue altar of Sif Muna.
  2353 | D:3      | Became a worshipper of Sif Muna the Loreminder
  2399 | D:2      | Bought a scroll of identify for 38 gold pieces
  2399 | D:2      | Bought a scroll labelled MUYSIM IKUFI for 19 gold pieces
  2399 | D:2      | Bought a scroll labelled BITWASHRY XOSALL for 19 gold
                  | pieces
  2399 | D:2      | Bought a scroll labelled TALEXZU SAEW for 19 gold pieces
  2399 | D:2      | Bought a lumpy inky potion for 17 gold pieces
  2438 | D:3      | Reached XP level 4. HP: 24/24 MP: 12/12
  2576 | D:3      | Reached skill level 5 in Spellcasting
  2837 | D:5      | Entered Level 5 of the Dungeon
  2871 | D:4      | Learned a level 3 spell: Call Canine Familiar
  2912 | D:4      | Reached XP level 5. HP: 28/28 MP: 9/14
  3095 | D:4      | Noticed an orc warrior
  3124 | D:4      | Killed an orc warrior
  3314 | D:4      | Reached XP level 6. HP: 32/32 MP: 13/16
  3408 | D:4      | Found a sacrificial altar of Ru.
  3646 | D:2      | Bought a smoky clear potion for 17 gold pieces
  3674 | D:2      | Found Ymnuesiv's Weapon Shop.
  3701 | D:2      | Reached skill level 5 in Dodging
  3789 | D:2      | Found Haj Rey's General Store.
  4168 | D:5      | Reached skill level 6 in Spellcasting
  4168 | D:5      | Reached skill level 1 in Short Blades
  4278 | D:2      | Learned a level 3 spell: Tukima's Dance
  4410 | D:5      | Reached skill level 1 in Hexes
  4620 | D:5      | Noticed an ice beast
  4714 | D:6      | Reached XP level 7. HP: 15/36 MP: 7/18
  4849 | D:6      | Reached * piety under Sif Muna
  5015 | D:6      | Noticed a komodo dragon
  5038 | D:6      | Killed a komodo dragon
  5039 | D:6      | Reached skill level 7 in Spellcasting
  5417 | D:6      | Reached skill level 8 in Spellcasting
  5502 | D:6      | Reached XP level 8. HP: 41/41 MP: 4/22
  6141 | D:7      | Reached skill level 9 in Spellcasting
  6260 | D:7      | Found a staircase to the Ecumenical Temple.
  6302 | D:7      | Found a flagged portal.
  6317 | Bailey   | Entered a bailey
  6532 | Bailey   | Reached skill level 10 in Spellcasting
  6537 | Bailey   | Reached skill level 1 in Fighting
  6810 | Bailey   | Slain by an orc warrior

Illustrated notes

Levels and vault maps discovered:
D:1:      minmay_arrival_hallway, layout_loops_ring
D:2:      layout_loops_corners, serial_shops, shop, shop, shop, shop
D:3:      layout_basic, evilmike_ruin_ashenzari, led_sif_pool,
          nicolae_twisty_statue_hallways
D:4:      minmay_evil_eye, layout_gridville, lemuel_coloured_pillars_altar,
          nicolae_nh_ransacked_shop
D:5:      layout_cave_pools
D:6:      layout_gridville
D:7:      layout_rooms, mainiacjoe_overflow_catwalk,
          minmay_temple_entry_antechambers, serial_corexii_hall,
          corexii_hall_statues_l, corexii_hall_statues_s, enter_bailey_3
Bailey:   bailey_polearm_elven_captive_hellmonk, bailey

Skill      XL: |  1  2  3  4  5  6  7  8 |
---------------+-------------------------+-----
Spellcasting   | 4 5 6 8 10 | 10.0
Summonings     | 5 6 8 |  8.0
Dodging        | 3 4 5 |  5.0
Short Blades   | 2 |  2.0
Hexes          | 2 4 |  4.0
Stealth        | 3 4 |  4.0
Fighting       | 2 |  2.1

Action                     |  1- 3 |  4- 6 |  7- 9 || total
---------------------------+-------+-------+-------++-------
  Melee: Spear             |    72 |    67 |       ||   139
         Dagger            |       |     8 |    21 ||    29
   Cast: Summon Small Mamm |    31 |    16 |    15 ||    62
         Call Imp          |    20 |    18 |    19 ||    57
         Call Canine Famil |       |    14 |    56 ||    70
         Tukima's Dance    |       |       |     1 ||     1
  Evoke: Wand              |       |     4 |     8 ||    12
    Use: Potion            |     1 |       |     3 ||     4
         Scroll            |     5 |       |     5 ||    10
   Stab: Sleeping          |    10 |     2 |     3 ||    15
         Distracted        |     2 |     1 |     1 ||     4
 Armour: Robe              |    10 |    17 |    38 ||    65
         Leather armour    |    19 |    45 |       ||    64
  Dodge: Dodged            |    29 |    68 |    38 ||   135
